Match 38822294
Unlisted

Match 38822294
End
Construct Barracks
Selects Airborne Battlegroup
Selects Heavy Machine Gun Paradrop
Heavy Machine Gun Paradrop
Riflemen Squad
Riflemen Squad
Grenade Package
Engineer Squad
Selects Paratrooper Squad Paradrop
Paratrooper Squad Paradrop
Construct Medical Station
Air Support Center
Construct Motor Pool
M1 Anti-tank Gun Team
M24 Chaffee Light Tank
P-47 Strafing Run
M1918 Browning Automatic Rifles
P-47 Dive Bomb
Grasshopper Recon Run
M1 Anti-tank Gun Team
Flash
1139536504
TheLolkPlays
Ipa
0
0

Comments sign in to comment!

No comments posted yet!